 Dungeon Crawl Stone Soup version 0.30-a0-824-g6c64550be9 (webtiles) character file.

Game seed: 6081590551910087287

1640 avis the Carver (level 8, -1/68 HPs)
             Began as a Demigod Warper on Feb 28, 2023.
             Slain by a manticore (24 damage)
             ... on level 7 of the Dungeon.
             The game lasted 00:40:40 (8194 turns).

avis the Carver (Demigod Warper)                    Turns: 8194, Time: 00:40:41

Health: -1/68      AC:  4    Str: 12    XL:     8   Next: 39%
Magic:  14/14      EV: 12    Int: 15    God:
Gold:   448        SH:  5    Dex: 21    Spells: 2/11 levels left

rFire   + . .      SeeInvis .    a - +0 falchion
rCold   + . .      Faith    .    (no shield)
rNeg    . . .      Spirit   .    t - +0 leather armour
rPois   .          Reflect  +    (no helmet)
rElec   .          Harm     .    w - scarf {rC+ rF+}
rCorr   .          Rampage  .    (no gloves)
Will    .....                    F - +0 pair of boots
Stlth   ++                       m - amulet of reflection
HPRegen 0.31/turn                (no ring)
MPRegen 0.14/turn                (no ring)

@: no status effects
A: high MP 1, forlorn, divine attributes
a: no special abilities


You were on level 7 of the Dungeon.
You visited 1 branch of the dungeon, and saw 7 of its levels.

You collected 448 gold pieces.

Inventory:

Hand Weapons
 a - a +0 falchion (weapon)
 b - a +0 shortbow
 r - a +0 rapier
 E - a +2 club
 K - a +0 sling
 L - a +1 flail of protection
Missiles
 D - 5 poisoned darts
 O - 6 atropa-tipped darts
Armour
 e - a +0 ring mail
 o - a +0 cloak
 t - a +0 leather armour (worn)
 w - a scarf of resistance (worn)
 y - a +0 crystal plate armour
 F - a +0 pair of boots (worn)
Magical Staves
 N - a staff of conjuration
Jewellery
 m - an amulet of reflection (around neck)
 G - a ring of ice
Wands
 A - a wand of paralysis (20) (quivered)
 H - a wand of roots (13)
Scrolls
 c - 4 scrolls of blinking
 j - 3 scrolls of torment {unknown}
 k - a scroll of enchant weapon {unknown}
 p - 2 scrolls of poison {unknown}
 q - 4 scrolls of butterflies {unknown}
 u - 4 scrolls of identify {unknown}
 x - a scroll of brand weapon {unknown}
 B - a scroll of magic mapping {unknown}
 C - 5 scrolls of teleportation {unknown}
 I - a scroll of fear {unknown}
Potions
 d - 2 potions of lignification {unknown}
 f - a potion of mutation {unknown}
 h - a potion of invisibility {unknown}
 i - a potion of flight {unknown}
 l - 2 potions of degeneration {unknown}
 n - 2 potions of curing
 s - 2 potions of attraction {unknown}
 v - a potion of resistance {unknown}
 z - 2 potions of brilliance {unknown}
 J - a potion of ambrosia {unknown}
 M - a potion of haste {unknown}


   Skills:
 - Level 5.0 Fighting
 * Level 9.0 Long Blades
 - Level 0.8 Throwing
 - Level 1.0 Armour
 - Level 2.0 Dodging
 - Level 2.0 Spellcasting
 - Level 3.0 Translocations


You had 2 spell levels left.
You knew the following spells:

 Your Spells              Type           Power      Damage    Failure   Level
b - Blink                 Tloc           20%        N/A       12%         2
m - Manifold Assault      Tloc           10%        N/A       63%         4
o - Teleport Other        Tloc           10%        N/A       24%         3

Your spell library contained the following spells:

 Spells                   Type           Power      Damage    Failure   Level
 Apportation              Tloc           20%        N/A       9%          1
 Lesser Beckoning         Tloc           20%        N/A       12%         2
 Portal Projectile        Hex/Tloc       12%        N/A       41%         3
 Vhi's Electric Charge    Tloc/Air       12%        N/A       41%         3
 Call Canine Familiar     Summ           1%         N/A       63%         3
 Dazzling Flash           Conj/Hex       2%         N/A       63%         3
 Inner Flame              Hex/Fire       1%         N/A       63%         3
 Tukima's Dance           Hex            1%         N/A       63%         3
 Iskenderun's Mystic Bla  Conj/Tloc      6%         2d4       83%         4
 Airstrike                Air            0%         2d(1-17)  95%         4
 Animate Dead             Necr           1%         N/A       95%         4
 Flame Wave               Conj/Fire      1%         2d4       95%         4
 Fulminant Prism          Conj/Hex       0%         3d5       95%         4
 Leda's Liquefaction      Hex/Erth       0%         N/A       95%         4
 Sticky Flame             Conj/Fire      1%         2d3       95%         4
 Summon Lightning Spire   Summ/Air       1%         N/A       95%         4
 Arcjolt                  Conj/Air       0%         1d10      100%        5
 Blade Hands              Tmut           0%         N/A       100%        5
 Lightning Bolt           Conj/Air       0%         1d11      100%        5
 Summon Mana Viper        Hex/Summ       1%         N/A       100%        5
 Dispersal                Tloc           5%         N/A       100%        6
 Starburst                Conj/Fire      0%         6d3       100%        6
 Haunt                    Necr/Summ      0%         N/A       100%        7
 Infestation              Necr           0%         N/A       100%        8
 Maxwell's Capacitive Co  Air            0%         ∞         100%        8


Dungeon Overview and Level Annotations

Branches:
Dungeon (7/15)
 Temple: D:4-7

Annotations:
D:4 Pikel


Innate Abilities, Weirdness & Mutations

You have an increased reservoir of magic. (+10% MP)
You shall have no god before yourself.
Your divine heritage dramatically boosts your attributes as you level up.


Message History

The manticore closely misses you. x2; The manticore claws you.
You hit the manticore.
The manticore is moderately wounded.
The manticore bites you. The manticore claws you. The manticore claws you!
* * * LOW HITPOINT WARNING * * *
You feel better. The manticore bites you!
* * * LOW HITPOINT WARNING * * *
The manticore closely misses you.
The manticore claws you but does no damage.
It was a potion of heal wounds.
You feel much better. The manticore bites you!
* * * LOW HITPOINT WARNING * * *
The manticore barely misses you. The manticore claws you!
* * * LOW HITPOINT WARNING * * *
You feel much better. The manticore barely misses you. x2
You block the manticore's attack.
You slash the manticore!
The manticore is moderately wounded.
You block the manticore's attack.
The manticore claws you but does no damage.
The manticore claws you.
You barely miss the manticore.
The manticore is moderately wounded.
Aiming: Paralyse
Press: ? - help, Shift-Dir - straight line, f/p - manticore
Aim: a manticore (moderately wounded, chance to affect: 31%)
The manticore easily resists.
The manticore bites you!
* * * LOW HITPOINT WARNING * * *
The manticore claws you!
* * * LOW HITPOINT WARNING * * *
The manticore misses you.
You feel much better. The manticore bites you!
The manticore completely misses you. The manticore closely misses you.
Aiming: Fastroot
Press: ? - help, Shift-Dir - straight line, p - manticore The roots erupt in riotous growth!
Roots grab the manticore.
The grasping roots constrict the manticore.
You hear an angry hiss.
You hear a shout! x2
The manticore bites you!!
You die...

......## ....#..##
#.......# ##....... .#..
#.[....# .....
##......##
..#..##........## F.
........@.......
...H.#......H.......
...........##........
#.#.#.#..#...........
...........##..#........
...........#...###......
...........H............
.....[..................
....####..............#.


You could see a manticore (rooted).

Vanquished Creatures
  A steam dragon (D:7)
  A black bear (D:4)
  A sky beast (D:7)
  3 ogres (D:6)
  2 centaurs
  A lemure (D:5)
  A phantom (D:5)
  2 bullfrogs (D:6)
  Blork the orc (D:4)
  3 scorpions
  A hound (D:5)
  Ijyb (D:5)
  4 iguanas
  3 orc wizards
  4 gnolls
  8 adders
  A white imp (D:6)
  3 worms
  2 dart slugs
  19 orcs
  6 ball pythons
  9 endoplasms
  A giant cockroach (D:4)
  6 goblins
  5 hobgoblins
  6 quokkas
  9 bats
  2 frilled lizards
  4 kobolds
  8 rats
118 creatures vanquished.

Notes
Turn   | Place    | Note
-------+----------+-------------------------------------------
     0 | D:1      | avis the Demigod Warper began the quest for the Orb.
     0 | D:1      | Reached XP level 1. HP: 17/17 MP: 5/5
    55 | D:1      | Reached skill level 2 in Long Blades
    59 | D:1      | Reached skill level 1 in Armour
   370 | D:1      | Reached XP level 2. HP: 24/24 MP: 7/7
  1104 | D:2      | Got the Dissertation on Baleful Dislocation
  1146 | D:2      | Reached XP level 3. HP: 13/29 MP: 8/8
  1516 | D:2      | Reached skill level 3 in Long Blades
  1820 | D:2      | Reached XP level 4. HP: 31/36 MP: 9/9
  2518 | D:3      | Reached skill level 4 in Long Blades
  3279 | D:4      | Noticed Blork the orc
  3393 | D:4      | Noticed a black bear
  3647 | D:4      | Reached XP level 5. HP: 42/45 MP: 10/10
  3842 | D:4      | Killed a black bear
  3994 | D:4      | Killed Blork the orc
  3995 | D:4      | Reached skill level 5 in Long Blades
  3995 | D:4      | Reached XP level 6. HP: 23/51 MP: 11/11
  4096 | D:4      | Learned a level 2 spell: Blink
  4100 | D:4      | Learned a level 3 spell: Teleport Other
  4105 | D:4      | Learned a level 4 spell: Manifold Assault
  4187 | D:4      | Noticed Pikel
  4923 | D:5      | Entered Level 5 of the Dungeon
  5071 | D:5      | Reached skill level 6 in Long Blades
  5355 | D:5      | Noticed Ijyb
  5370 | D:5      | Killed Ijyb
  6103 | D:5      | Reached XP level 7. HP: 59/59 MP: 13/13
  6790 | D:6      | Reached skill level 7 in Long Blades
  7150 | D:6      | Reached skill level 8 in Long Blades
  7196 | D:6      | Reached XP level 8. HP: 67/67 MP: 14/14
  7344 | D:6      | Reached skill level 5 in Fighting
  8092 | D:7      | Reached skill level 9 in Long Blades
  8169 | D:7      | Noticed a manticore
  8194 | D:7      | Slain by a manticore

Illustrated notes

Levels and vault maps discovered:
D:1:      dpeg_arrival_ratfight, layout_basic
D:2:      layout_loops_ring, basic_altar, ebering_dispersal_statue_hall
D:3:      wad_river_or_something, layout_rooms, kennysheep_generic_room_11
D:4:      layout_cave_pods, minmay_tree_intersection, minmay_vboxes,
          uniq_blork_the_orc, uniq_pikel
D:5:      layout_loops_ring, nrook_mini_backslash, uniq_ijyb
D:6:      layout_basic, chequers_temple_overflow_statue_of_worship
D:7:      layout_cave_pools, nicolae_uskayaw_dance_studio, temple_hall,
          st_stairs_4, minmay_misc_feat_more_columns

Skill      XL: |  1  2  3  4  5  6  7  8 |
---------------+-------------------------+-----
Fighting       | 2 3 4 5 |  5.0
Long Blades    | 2 3 4 5 6 8 9 |  9.0
Armour         | 1 |  1.0
Dodging        | 2 |  2.0
Spellcasting   | 2 |  2.0
Translocations | 3 |  3.0
Throwing       | |  0.8

Action                     |  1- 3 |  4- 6 |  7- 9 || total
---------------------------+-------+-------+-------++-------
  Melee: Falchion          |   155 |   247 |   106 ||   508
         Punch             |       |     4 |     2 ||     6
   Fire: Sling             |       |    77 |     4 ||    81
         Shortbow          |       |       |    52 ||    52
  Throw: Boomerang         |       |     7 |       ||     7
         Dart              |       |     5 |       ||     5
   Cast: Blink             |       |     2 |     1 ||     3
  Evoke: Wand              |       |     1 |     2 ||     3
    Use: Scroll            |     1 |       |       ||     1
         Potion            |       |       |     4 ||     4
   Stab: Paralysed         |       |     7 |       ||     7
 Armour: Leather armour    |     9 |    31 |    18 ||    58
         Ring mail         |    35 |     9 |       ||    44
  Dodge: Dodged            |    88 |   144 |    66 ||   298
  Block: Other             |    22 |    58 |    24 ||   104
         Reflection        |       |     1 |     3 ||     4

Table legend: (Time is in decaauts)
 A = Elapsed time spent in this place.
 B = Non-inter-level travel time spent in this place.
 C = Inter-level travel time spent in this place.
 D = Time resting spent in this place.
 E = Time spent auto-exploring this place.
 F = Levels seen in this place.
 G = Mean time per level.
                   A        B        C        D        E       F      G
               +--------+--------+--------+--------+--------+-----+--------+
         Total |   8270 |   7365 |    905 |   1968 |   3318 |   7 | 1181.4 |
       Dungeon |   8270 |   7365 |    905 |   1968 |   3318 |   7 | 1181.4 |
               +--------+--------+--------+--------+--------+-----+--------+

Top non-repeatable levels by time:
     D:5: 1571 daAuts
     D:1: 1497 daAuts
     D:4: 1462 daAuts
     D:6: 1247 daAuts
     D:3: 1121 daAuts
     D:2: 1027 daAuts
     D:7: 341 daAuts
